 Dungeon Crawl Stone Soup version 0.26.0-10-g1f06aea511 (webtiles) character file.

Game seed: 14723959239118608664

280 Borgoz the Slasher (level 6, 0/51 HPs)
             Began as a Ghoul Gladiator on Jan 18, 2021.
             Slain by a gnoll
             ... wielding a +0 spear
              (2 damage)
             ... on level 4 of the Dungeon.
             The game lasted 00:04:02 (3508 turns).

Borgoz the Slasher (Ghoul Gladiator)                Turns: 3508, Time: 00:04:03

Health: 0/51       AC:  7    Str: 18    XL:     6   Next: 27%
Magic:  5/5        EV: 11    Int:  3    God:
Gold:   210        SH:  0    Dex: 12    Spells: 5/5 levels left

rFire    + . .     SeeInvis +   a - +0 long sword
rCold    + . .     Faith    .   (no shield)
rNeg     + + +     Spirit   .   e - +0 scale mail
rPois    ∞         Reflect  .   c - +0 helmet
rElec    .         Harm     .   (no cloak)
rCorr    .         Rampage  .   (no gloves)
Will     .....                  (no boots)
Stlth    ..........             (no amulet)
HPRegen  0.00/turn              b - ring of see invisible
MPRegen  0.09/turn              l - ring of protection from fire

@: no status effects
A: claws 1, cold resistance 1, negative energy resistance 3, inhibited
regeneration, torment resistance, unbreathing
a: no special abilities


You were on level 4 of the Dungeon.
You visited 1 branch of the dungeon, and saw 4 of its levels.

You collected 210 gold pieces.

Inventory:

Hand Weapons
 a - a +0 long sword (weapon)
Armour
 c - a +0 helmet (worn)
 e - a +0 scale mail (worn)
Jewellery
 b - a ring of see invisible (left claw)
 l - a ring of protection from fire (right claw)
Scrolls
 f - a scroll of blinking {unknown}
 h - 2 scrolls of teleportation
 i - a scroll of fear {unknown}
 j - 4 scrolls of remove curse
 m - a scroll of random uselessness {unknown}
 o - a scroll of fog {unknown}
 p - a scroll of magic mapping {unknown}
Potions
 n - a potion of brilliance {unknown}


   Skills:
 + Level 3.3 Fighting
 * Level 4.2 Long Blades
 - Level 1.7 Throwing
 + Level 2.0 Armour
 * Level 4.1 Dodging


You had 5 spell levels left.
You didn't know any spells.
Your spell library was empty.

Dungeon Overview and Level Annotations

Branches:
Dungeon (4/15)
 Temple: D:4-7

Altars:
Elyvilon
Nemelex Xobeh
Qazlal
Ru
Uskayaw
Vehumet
Yredelemnul
Zin

Annotations:
D:4 1 runed translucent door, p0werm0de's ghost, amateur DsFi


Innate Abilities, Weirdness & Mutations

You thrive by killing the living.
You are immune to poison.
You have sharp fingernails.
Your flesh is cold resistant. (rC+)
You are immune to negative energy. (rN+++)
You do not regenerate when monsters are visible.
You are immune to unholy pain and torment.
You can survive without breathing.


Message History

The gnoll is almost dead.
The gnoll closely misses you. The gnoll hits you.
* * * LOW HITPOINT WARNING * * *
Throw: throwing net
Press: ? - help, Q - select action Shift-Dir - straight line, f - gnoll
Aim: a gnoll You throw a throwing net.
The throwing net hits the gnoll.
The gnoll is caught in the net!
The gnoll barely misses you.
The gnoll struggles against the net.
The gnoll hits you but does no damage.
The gnoll struggles against the net.
You see here a +0 halberd.
You barely miss the gnoll.
The gnoll is severely wounded.
The gnoll hits you with a +0 spear.
* * * LOW HITPOINT WARNING * * *
The gnoll struggles against the net.
You barely miss the gnoll.
The gnoll is severely wounded.
The gnoll hits you with a +0 spear.
You die...

......#o. .............#+#......
......#l#w#..........##.#S#..##..
..##..# l # ##......##.#W#.....#
..##..# ## #.........#≈#..####
......#.. ####.###..#≈#......
......#..# #....# #..#[#..###.
.########## ##.#### #..#≈# .# #.
..........####gg#####..#### ##.
#........###....@...# ####. #..
..........##...)....#.##.[.####..
≈^.§^^≈...............#....)##.(.
≈(..###...#..........#..<......#.
#...≈# ≈..##........##.......####
#..≈##≈§.............#.......#
§....^§...##....$....##....!###
§§_.(.§.......................###
≈..^§§§...#................>.....


You could see 2 gnolls.

Vanquished Creatures
  An orc wizard (D:4)
  Terence (D:2)
  An iguana (D:4)
  A gnoll (D:4)
  6 adders
  2 oozes
  4 worms
  4 dart slugs (D:1)
  3 leopard geckos
  8 orcs
  6 bats
  2 giant cockroaches
  13 goblins
  10 hobgoblins
  4 jackals (D:3)
  5 quokkas
  12 frilled lizards
  13 kobolds
  A quokka skeleton (D:4)
  5 rats
102 creatures vanquished.

Vanquished Creatures (others)
  13 plants (D:4)
13 creatures vanquished.

Grand Total: 115 creatures vanquished

Notes
Turn   | Place    | Note
-------+----------+-------------------------------------------
     0 | D:1      | Borgoz the Ghoul Gladiator began the quest for the Orb.
     0 | D:1      | Reached XP level 1. HP: 17/17 MP: 0/0
   314 | D:1      | Reached XP level 2. HP: 11/24 MP: 1/1
   607 | D:1      | Reached XP level 3. HP: 30/30 MP: 2/2
   959 | D:1      | You fall into a shaft and drop 1 floor!
  1004 | D:2      | Found a radiant altar of Vehumet.
  1234 | D:2      | Noticed Terence
  1253 | D:2      | Killed Terence
  1254 | D:2      | Reached skill level 1 in Armour
  1254 | D:2      | Reached XP level 4. HP: 25/37 MP: 3/3
  1978 | D:2      | Found a sparkling altar of Nemelex Xobeh.
  1979 | D:2      | Found a glowing silver altar of Zin.
  1983 | D:2      | Found a basalt altar of Yredelemnul.
  1983 | D:2      | Found a white marble altar of Elyvilon.
  1984 | D:2      | Found a hide-covered altar of Uskayaw.
  1985 | D:2      | Found a sacrificial altar of Ru.
  2286 | D:3      | Reached XP level 5. HP: 37/44 MP: 4/4
  2646 | D:3      | Found a faded altar of an unknown god.
  3013 | D:4      | Found a stormy altar of Qazlal.
  3088 | D:4      | Reached XP level 6. HP: 33/51 MP: 5/5
  3443 | D:4      | Found a runed translucent door.
  3458 | D:4      | Noticed p0werm0de's ghost (amateur DsFi)
  3507 | D:4      | HP: 2/51 [gnoll/+0 spear (5)]
  3508 | D:4      | Slain by a gnoll

Illustrated notes

Levels and vault maps discovered:
D:1:      tarquinn_simple_flora_water_c, layout_basic
D:2:      layout_loops_corners, grunt_temple_overflow_open, serial_glass,
          glass_columns_b, glass_columns_a, uniq_terence
D:3:      minmay_general_purpose_star, layout_basic,
          chequers_ecumenical_altar_simple_redux
D:4:      minmay_clustersquares, layout_rooms, ebering_ghost_sewer_d,
          serial_bayou, serial_bayou_pond_b, serial_bayou_lake_a,
          serial_bayou_lagoon_a, serial_bayou_pond_b, grunt_qazlal_sundering

Skill      XL: |  1  2  3  4  5  6 |
---------------+-------------------+-----
Long Blades    | 3 4 |  4.2
Dodging        | 3 4 |  4.1
Armour         | 1 2 |  2.0
Fighting       | 3 |  3.3
Throwing       | |  1.7

Action                   |  1- 3 |  4- 6 || total
-------------------------+-------+-------++-------
Melee: Long sword        |   109 |   258 ||   367
Throw: Throwing net      |     3 |     1 ||     4
  Use: Scroll            |     1 |     3 ||     4
       Potion            |     1 |     1 ||     2
Armor: Leather armour    |    22 |       ||    22
       Scale mail        |    33 |   123 ||   156
Dodge: Dodged            |    72 |   188 ||   260
       Rpst.: Long sword |    27 |    63 ||    90
